 Dungeon Crawl Stone Soup version 0.26-a0-259-g1effd001a9 (webtiles) character file.

Game seed: 18156507637260930055

2175 Apogee the Slinger (level 9, -3/67 HPs)
             Began as a Halfling Hunter on July 22, 2020.
             Was a Believer of Okawaru.
             Slain by a killer bee (4 damage)
             ... on level 8 of the Dungeon on July 23, 2020.
             The game lasted 00:20:04 (9512 turns).

Apogee the Slinger (Halfling Hunter)                Turns: 9512, Time: 00:20:05

Health: -3/67      AC:  5    Str: 13    XL:     9   Next: 58%
Magic:  9/9        EV: 14    Int:  9    God:    Okawaru [**....]
Gold:   354        SH:  5    Dex: 18    Spells: 8/8 levels left

rFire    . . .     SeeInvis .   b - +1 hunting sling
rCold    + . .     Faith    .   (shield restricted)
rNeg     . . .     Spirit   .   c - +0 leather armour
rPois    .         Reflect  +   (no helmet)
rElec    .         Harm     .   F - +0 cloak
rCorr    .                      e - +0 pair of gloves
MR       .....                  (no boots)
Stlth    ++........             q - amulet of reflection
HPRegen  0.21/turn              s - ring of flight
MPRegen  0.11/turn              r - ring of protection from cold

@: lethally poisoned (-3 -> -7), stab, flying
A: small, mutation resistance 1
a: Heroism, Renounce Religion


You were on level 8 of the Dungeon.
You worshipped Okawaru.
Okawaru was pleased with you.
You were not hungry.

You visited 2 branches of the dungeon, and saw 9 of its levels.

You collected 376 gold pieces.
You spent 22 gold pieces at shops.

Inventory:

Hand Weapons
 a - the +6 rapier of Discretion {vorpal, rN+}
   (You found it on level 5 of the Dungeon)

   It inflicts extra damage upon your enemies.
   It protects you from negative energy.
 b - a +1 hunting sling (weapon)
 j - a +2 short sword of speed
 u - a +0 short sword
 C - a +0 dagger of speed
Missiles
 d - 103 sling bullets
 h - 176 stones (quivered)
Armour
 c - a +0 leather armour (worn)
 e - a +0 pair of gloves (worn)
 F - a +0 cloak (worn)
Jewellery
 l - an uncursed amulet of regeneration
 m - an uncursed ring of magical power
 q - an amulet of reflection (around neck)
 r - a ring of protection from cold (right hand)
 s - a ring of flight (left hand)
 z - an uncursed ring of wizardry {unknown}
Wands
 v - a wand of random effects (24)
 y - a wand of digging (9)
 J - a wand of paralysis (10)
Scrolls
 n - 7 scrolls of identify
 t - a scroll of enchant armour {unknown}
 w - 2 scrolls of remove curse {unknown}
 x - a scroll of magic mapping {unknown}
 A - 2 scrolls of teleportation {unknown}
 B - 2 scrolls of silence {unknown}
 E - 2 scrolls of immolation {unknown}
 G - 2 scrolls of summoning {unknown}
 K - a scroll of blinking {unknown}
 L - a scroll of enchant weapon {unknown}
 M - a scroll of fog {unknown}
Potions
 i - 2 potions of stabbing
 k - 2 potions of flight
 o - 2 potions of heal wounds {unknown}
 p - 3 potions of degeneration {unknown}
 D - 2 potions of resistance {unknown}
 H - 2 potions of mutation {unknown}
 I - a potion of might {unknown}
Comestibles
 f - 24 rations


   Skills:
 * Level 8.7 Fighting
 + Level 1.2 Short Blades
 - Level 12.0 Slings
 - Level 2.1 Dodging
 - Level 1.1 Stealth


You had 8 spell levels left.
You didn't know any spells.
Your spell library contained the following spells:

 Spells                   Type           Power        Failure   Level
 Animate Skeleton         Necr           #.....       45%         1
 Apportation              Tloc           #.....       45%         1
 Corona                   Hex            #......      45%         1
 Magic Dart               Conj           #...         45%         1
 Summon Small Mammal      Summ           #...         45%         1
 Blink                    Tloc           N/A          61%         2
 Call Imp                 Summ           #.......     61%         2
 Slow                     Hex            #.......     61%         2
 Conjure Flame            Conj/Fire      #.......     83%         3
 Mephitic Cloud           Conj/Pois/Air  #.......     83%         3


Dungeon Overview and Level Annotations

Branches:
Dungeon (8/15)             Temple (1/1) D:4
   Lair: D:8-11

Altars:
Ashenzari
Cheibriados
Dithmenos
Fedhas
Hepliaklqana
Makhleb
Nemelex Xobeh
Okawaru
Qazlal
Ru
Sif Muna
Trog
Vehumet
Wu Jian
Xom
Yredelemnul
Zin
The Shining One

Shops:
D:3 *   D:5 :*


Innate Abilities, Weirdness & Mutations

You are small and have problems with some larger weapons.
You are somewhat resistant to further mutation.


Message History

You shoot a stone.
The stone hits the killer bee but does no damage.
The killer bee is almost dead.
You block the killer bee's attack.
Firing (i - inventory. (/) - cycle)
h - 177 stones (quivered)
Press: ? - help, Shift-Dir - straight line, f/p - killer bee
Aim: a killer bee (almost dead)
You shoot a stone. The stone misses the killer bee.
You feel sick. The killer bee stings you!
* * * LOW HITPOINT WARNING * * *
The killer bee closely misses you.
It was a potion of stabbing.
You feel ready to backstab.
* * * LOW HITPOINT WARNING * * *
You feel sick. The killer bee barely misses you. x2
It was a potion of flight.
You feel very buoyant.
You fly up into the air.
The killer bee barely misses you. The killer bee stings you.
You die...

#....# # ########..# #.
#.........#
#.########.#######.#
#......(##.#######.#####
#>...................#
#.%...................
#.###y##.#######.###..
#. #@##.# #.# ##. #y
#.##.. #.# #. #y #.#####
#.# #. #. #.. #.# ## #.
### #.##### #% #.#....
#.#.### #.. ###


You could see a killer bee.

Vanquished Creatures
  Menkaure (D:5)
  An orc warrior (D:6)
  2 phantoms
  An ogre (D:4)
  3 centaurs
  A big kobold (D:8)
  2 bullfrogs
  2 scorpions
  4 killer bees (D:8)
  2 howler monkeys (D:7)
  An electric eel (D:7)
  A centaur zombie (D:5)
  A bullfrog zombie (D:5)
  A bullfrog skeleton (D:4)
  6 orc priests
  A gnoll shaman (D:4)
  Jessica (D:3)
  Terence (D:3)
  6 orc wizards
  4 worker ants
  A hound skeleton (D:4)
  4 gnolls (D:5)
  4 adders
  3 shadow imps
  2 ufetubi
  3 oozes
  An adder zombie (D:7)
  2 worms (D:3)
  2 dart slugs
  6 leopard geckos
  21 orcs
  5 ball pythons (D:3)
  4 giant cockroaches
  10 goblins
  10 hobgoblins
  5 jackals
  3 quokkas
  12 bats
  7 frilled lizards
  A jackal skeleton (D:4)
  10 kobolds
  A leopard gecko zombie (D:7)
  A quokka skeleton (D:6)
  11 rats
171 creatures vanquished.

Notes
Turn   | Place    | Note
-------+----------+-------------------------------------------
     0 | D:1      | Apogee the Halfling Hunter began the quest for the Orb.
     0 | D:1      | Reached XP level 1. HP: 14/14 MP: 1/1
    91 | D:1      | Reached skill level 6 in Slings
   185 | D:1      | Reached XP level 2. HP: 19/19 MP: 2/2
   374 | D:1      | Reached XP level 3. HP: 24/24 MP: 3/3
   412 | D:1      | Reached skill level 7 in Slings
  1210 | D:2      | Reached XP level 4. HP: 21/29 MP: 4/4
  2123 | D:3      | Noticed Terence
  2141 | D:3      | Reached skill level 8 in Slings
  2141 | D:3      | Reached XP level 5. HP: 31/35 MP: 5/5
  2604 | D:3      | Reached XP level 6. HP: 34/42 MP: 6/6
  2715 | D:3      | Noticed Jessica
  2773 | D:3      | Killed Jessica
  3486 | D:3      | Killed Terence
  3523 | D:3      | Reached skill level 9 in Slings
  4352 | D:3      | Reached XP level 7. HP: 48/49 MP: 7/7
  4403 | D:3      | Found Zin's Purification Station.
  4405 | D:3      | Found a glowing silver altar of Zin.
  4696 | D:4      | Found a staircase to the Ecumenical Temple.
  4704 | Temple   | Entered the Ecumenical Temple
  4711 | Temple   | Became a worshipper of Warmaster Okawaru
  5020 | D:4      | Reached skill level 5 in Fighting
  5124 | D:4      | Reached skill level 10 in Slings
  5625 | D:4      | Reached XP level 8. HP: 56/56 MP: 8/8
  6206 | D:5      | Entered Level 5 of the Dungeon
  6583 | D:4      | Reached * piety under Okawaru
  6885 | D:5      | Reached skill level 11 in Slings
  7094 | D:5      | Found Hehyopte's Book Boutique.
  7100 | D:5      | Got a translucent rapier
  7101 | D:5      | Identified the +6 rapier of Discretion {vorpal, rN+} (You
                  | found it on level 5 of the Dungeon)
  7154 | D:5      | Found Ropyer's Assorted Antiques.
  7164 | D:5      | Bought a scroll labeled CYSSUO WOQE for 22 gold pieces
  7178 | D:5      | Noticed Menkaure
  7187 | D:5      | Killed Menkaure
  7513 | D:6      | Found an ornate altar of the Wu Jian Council.
  7818 | D:6      | Reached XP level 9. HP: 60/63 MP: 9/9
  7927 | D:6      | Found a blossoming altar of Fedhas.
  7952 | D:6      | Reached skill level 12 in Slings
  8791 | D:7      | Reached ** piety under Okawaru
  9493 | D:8      | Reached skill level 1 in Short Blades
  9510 | D:8      | HP: 1/67 [killer bee (7)]
  9512 | D:8      | Slain by a killer bee

Illustrated notes

Levels and vault maps discovered:
D:1:      lightli_molten_gateway, layout_basic, serial_bayou,
          serial_bayou_pond_a, serial_bayou_lagoon_b, serial_bayou_crossing,
          serial_bayou_lagoon_a, serial_bayou_pond_c, serial_bayou_shore_b,
          st_stairs_5
D:2:      layout_loops_corners
D:3:      layout_basic, zin_purify, minmay_shallow_snake_nest, uniq_terence,
          uniq_jessica
D:4:      layout_gridville, minmay_temple_entry_statues_pillars, first_ration,
          kennysheep_generic_room_16
D:5:      layout_cave_pools, serial_shops, shop, shop, uniq_menkaure
D:6:      layout_gridville, overflow_temple_1_default, lemuel_crystal_altar,
          minmay_misc_feat_more_columns, minmay_microvault
D:7:      layout_loops_cross, water_maze_lemuel
D:8:      layout_basic, kennysheep_mini_moat, lair_entry_dummy,
          nicolae_ossuary_entry_monument, serial_shops,
          nicolae_shop_temple_entry_statues_fountains,
          nicolae_shop_overgrown_old_shop, shop, shop,
          hangedman_decor_clover_reticule
Temple:   nicolae_temple_no_exploring_needed

Skill      XL: |  1  2  3  4  5  6  7  8  9 |
---------------+----------------------------+-----
Slings         | 6 7 8 9 10 11 12 | 12.0
Fighting       | 2 3 4 5 6 8 |  8.7
Short Blades   | 1 |  1.2
Dodging        | |  2.1
Stealth        | |  1.1

Action                   |  1- 3 |  4- 6 |  7- 9 || total
-------------------------+-------+-------+-------++-------
Melee: Short sword       |   112 |   231 |       ||   343
       Dagger            |       |    41 |   215 ||   256
       Rapier            |       |       |   108 ||   108
 Fire: Hunting sling     |       |    79 |   203 ||   282
Invok: Heroism           |       |       |     1 ||     1
  Use: Scroll            |     3 |       |     1 ||     4
       Potion            |       |     1 |     6 ||     7
 Stab: Sleeping          |     4 |     3 |     2 ||     9
       Distracted        |       |       |     1 ||     1
  Eat: Ration            |     1 |     2 |     5 ||     8
Armor: Leather armour    |    26 |    63 |    43 ||   132
Dodge: Dodged            |   113 |   199 |   172 ||   484
Block: Other             |       |    56 |    74 ||   130
       Reflection        |       |     1 |     4 ||     5

Table legend:
 A = Non-vault XP
 B = Vault XP
 C = Vault XP percentage of total XP
 D = Non-vault monster count
 E = Vault monster count
 F = Vault count percentage of total count
                 A         B        C        D         E       F
            +---------+---------+-------+---------+---------+-------
      Total |    2823 |     285 |   9.2 |     158 |      13 |   7.6
            +---------+---------+-------+---------+---------+-------
        D:1 |      51 |       2 |   3.8 |      27 |       2 |   6.9
        D:2 |     114 |       0 |   0.0 |      29 |       0 |   0.0
        D:3 |     356 |      94 |  20.9 |      35 |       8 |  18.6
        D:4 |     462 |      20 |   4.1 |      20 |       2 |   9.1
        D:5 |     415 |     169 |  28.9 |      14 |       1 |   6.7
        D:6 |     708 |       0 |   0.0 |      15 |       0 |   0.0
        D:7 |     367 |       0 |   0.0 |      10 |       0 |   0.0
        D:8 |     350 |       0 |   0.0 |       8 |       0 |   0.0
            +---------+---------+-------+---------+---------+-------
